Unix NetHack Version 5.0.0-0 post-release - last build Jun 10 2026 00:39:30 (3ee93aec679c4c4259841fe613dc97188e26a321,branch:main).

Game began 2026-06-10 22:31:38, ended 2026-06-18 21:40:08.

Daltwisney, chaotic female human Barbarian

                        -----          ---         -----
                        |...            .           ...|
                        |...-----      -.-         -...|
                        |...|%((|      |.+         |...|
                        |...|(.(|      +.|         |...|
                        ....|...|-------.----      |...|
                        |...-|---...........--+--+--...|
                        |.....)......@....@.i..........|
                        |........{.--|----.{....@......|
                        |..........|.....|.....).......|
                        ....--)--..|.....|....--|--....|
                        |...|+..|+-|..@..|.--|| ..----.|
                        |...|+++|  |.....|.|..|(((|  +.|
                        |...|++]|  -------.|..|!](|  |.|
                        |...--------      .-----------.|#         ------- -
                        |...............................##########.<......|
                        --------------------------------#         |.......|
                                                                   .......|
                                                                  ---------

Daltwisney the Bandit      St:18/02 Dx:17 Co:17 In:8 Wi:7 Ch:6  Chaotic
Dlvl:7  $:207 HP:43(52) Pw:14(14) AC:3  Xp:6 T:1253 

Latest messages:
 What do you want to sacrifice? [ez or ?*] ?
 Your sacrifice is consumed in a burst of flame!
 You glimpse a four-leaf clover at your feet.
 "Hello, Daltwisney!  Welcome again to Lisnaskea's rare books!"
 A - a scroll labeled EIRIS SAZUN IDISI.
 What do you want to drop? [$a-jl-ps-wA or ?*] ?
 You drop a scroll labeled EIRIS SAZUN IDISI.
 Lisnaskea offers 50 gold pieces for your scroll labeled EIRIS SAZUN IDISI.  Sell it? [ynaq] (n) n
 What do you want to drop? [$a-jl-ps-w or ?*] t
 You drop a scroll labeled GNIK SISI VLE.
 Lisnaskea offers 100 gold pieces for your scroll labeled GNIK SISI VLE.  Sell it? [ynaq] (n) n
 A - a scroll labeled EIRIS SAZUN IDISI.
 t - a scroll labeled GNIK SISI VLE.
 What do you want to drop? [$a-jl-ps-wA or ?*] j
 You drop a parchment spellbook.
 Lisnaskea offers 150 gold pieces for your parchment spellbook.  Sell it? [ynaq] (n) y
 You sold a parchment spellbook for 150 gold pieces.
 There is an open door here.  You see here 10 crossbow bolts.
 Really save? [yn] (n) y
 Saving...
 Restoring save file...
 Hello Daltwisney, the human Barbarian, welcome back to NetHack!
 Really quit without saving? [yn] (n) y
 Do you want your possessions identified? [ynq] (y) n
 Do you want to see your attributes? [ynq] (y) n
 Do you want an account of creatures vanquished? [ynaq] (y) n
 Do you want to see your conduct and achievements? [ynq] (y) n
 Do you want to see the dungeon overview? [ynq] (y) n

Inventory:
 Coins    ('$')
  $ - 207 gold pieces
 Weapons  (')')
  m - 4 +0 daggers
  a - a +0 battle-axe (weapon in hands)
  b - a blessed +0 short sword (alternate weapon; not wielded)
 Armor    ('[')
  o - an uncursed +0 dwarvish iron helm (being worn)
  p - an uncursed +0 pair of iron shoes (being worn)
  c - an uncursed +0 ring mail (being worn)
 Comestibles  ('%')
  u - an uncursed slime mold
  l - an uncursed cram ration
  d - an uncursed food ration
  h - a cursed food ration
  f - 3 uncursed tripe rations
  e - an uncursed lichen corpse
 Scrolls  ('?')
  t - a cursed scroll of earth
  A - an uncursed scroll of fire
 Potions  ('!')
  n - an uncursed potion of healing
  i - an uncursed potion of sleeping
 Wands    ('/')
  s - a blessed wand of stasis (0:4)
 Tools    ('(')
  w - an uncursed lock pick
  g - a cursed oil lamp
  v - an uncursed tin whistle

Daltwisney the Barbarian's attributes:

Background:
 You were a Bandit, a level 6 female human Barbarian.
 You were chaotic, on a mission for Set
 who was opposed by Mitra (lawful) and Crom (neutral).
 You were right-handed.
 You were in the Gnomish Mines, on level 7.
 You entered the dungeon 1253 turns ago.
 You had 366 experience points, 274 more were needed to attain level 7.

Basics:
 You had 43 out of 52 hit points.
 You had all 14 energy points (spell power).
 Your armor class was 3.
 Your wallet contained 207 zorkmids.
 Autopickup was off.

Final Characteristics:
 Your strength was 18/02 (limit:18/100).
 Your dexterity was 17 (limit:18).
 Your constitution was 17 (limit:18).
 Your intelligence was 8 (limit:18).
 Your wisdom was 7 (limit:18).
 Your charisma was 6 (limit:18).

Final Status:
 You weren't hungry.
 You were unencumbered.
 You were wielding an axe.
 You had basic skill with axe.

Final Attributes:
 You were devoutly aligned.
 You were poison resistant.
 You were warded.
 You were lucky.
 You survived.

Miscellaneous:
 You didn't encounter any bones levels.
 Total elapsed playing time was 31 minutes and 47 seconds.

Major events:
 Turn
    1: Daltwisney the chaotic female human Barbarian entered the dungeon
  670: entered the Gnomish Mines
  685: attained the rank of Pillager (level 3)
 1082: reached Mine Town
 1176: attained the rank of Bandit (level 6)
 1253: quit

You didn't know any spells.

Skills:
 Fighting Skills
   bare handed combat [Basic]
   two weapon combat  [Unskilled]
   riding             [Unskilled]
 Weapon Skills
   dagger             [Unskilled]
   axe                [Basic]
   pick-axe           [Unskilled]
   short sword        [Basic]
   broadsword         [Unskilled]
   long sword         [Unskilled]
   two-handed sword   [Unskilled]
   saber              [Unskilled]
   club               [Unskilled]
   mace               [Unskilled]
   morning star       [Unskilled]
   flail              [Unskilled]
   hammer             [Unskilled]
   quarterstaff       [Unskilled]
   spear              [Unskilled]
   trident            [Unskilled]
   bow                [Unskilled]
 Spellcasting Skills
   attack spells      [Unskilled]
   escape spells      [Unskilled]

Voluntary challenges:
 Character rerolling was not enabled.
 You were illiterate.
 You never genocided any monsters.
 You never polymorphed an object.
 You never changed form.
 You used no wishes.
Achievements:
 You entered the Gnomish Mines.
 You attained the rank of Pillager.
 You entered Minetown.
 You entered a temple.
 You entered a shop.
 You attained the rank of Bandit.

 The Dungeons of Doom: levels 1 to 4
    Level 1:
       A fountain.
    Level 2:
       A fountain.
    Level 4:
       A fountain, a sink.
       Stairs down to The Gnomish Mines.
 The Gnomish Mines: levels 5 to 7
    Level 5:
    Level 6:
    Level 7: <- You were here.
       Some shops, a temple and an altar to Set, some fountains.


Vanquished creatures:
  a large mimic
  a small mimic
  3 gnome leaders
  2 gnomish wizards
  2 giant ants
  3 dwarves
  a hobbit
 17 gnomes
  a fox
  a goblin
  3 grid bugs
  3 lichens
  4 newts
42 creatures vanquished.

No species were genocided or became extinct.

Goodbye Daltwisney the Barbarian...

You quit in The Gnomish Mines on dungeon level 7 with 1971 points,
and 207 pieces of gold, after 1253 moves.
You were level 6 with a maximum of 52 hit points when you quit.

